 Dungeon Crawl Stone Soup version 0.24-a0-459-g225fefd530 (webtiles) character file.

Game seed: 18230488314885566467

32 ohad the Digger (level 3, 0/20 HPs)
             Began as a Gargoyle Earth Elementalist on June 29, 2019.
             Slain by a gnoll
             ... wielding a +0 flail
              (9 damage)
             ... on level 1 of the Dungeon.
             The game lasted 00:04:55 (1399 turns).

ohad the Digger (Gargoyle Earth Elementalist)       Turns: 1399, Time: 00:04:55

Health: 0/20       AC:  5    Str: 11    XL:     3   Next: 27%
Magic:  2/6        EV: 12    Int: 16    God:
Gold:   48         SH:  0    Dex: 10    Spells: 0/6 levels left

rFire    . . .     SeeInvis .   o - +0 whip
rCold    . . .     Gourm    .   (no shield)
rNeg     + . .     Faith    .   c - +0 robe
rPois    ∞         Spirit   .   (no helmet)
rElec    +         Reflect  .   (no cloak)
rCorr    .         Harm     .   (no gloves)
MR       .....                  (no boots)
Stlth    ++........             (no amulet)
HPRegen  0.06/turn              (no ring)
MPRegen  0.10/turn              (no ring)

@: no status effects
A: negative energy resistance 1, electricity resistance, unbreathing,
petrification resistance, rot immunity, AC +3
a: no special abilities


You were on level 1 of the Dungeon.
You were near starving.

You visited 1 branch of the dungeon, and saw 2 of its levels.

You collected 48 gold pieces.

Inventory:

Hand Weapons
 o - a +0 whip (weapon)
Missiles
 b - 41 stones (quivered)
 k - a throwing net
Armour
 c - a +0 robe (worn)
Scrolls
 i - a scroll of teleportation {unknown}
 j - a scroll of remove curse
 p - a scroll of magic mapping {unknown}
Potions
 a - a potion of agility {unknown}
 e - a potion of might {unknown}
 f - a potion of brilliance {unknown}
 g - a potion of resistance {unknown}
 h - a potion of haste {unknown}
 l - 2 potions of invisibility {unknown}
 m - a potion of lignification {unknown}
Comestibles
 d - 2 rations


   Skills:
 * Level 1.4 Fighting
 - Level 1.5 Dodging
 - Level 2.1 Stealth
 - Level 2.0 Spellcasting
 - Level 0.7 Transmutations
 + Level 4.8 Earth Magic


You couldn't memorise any spells.
You knew the following spells:

 Your Spells              Type           Power        Failure   Level  Hunger
a - Sandblast             Erth           ###...       3%          1    #......
b - Passwall              Tmut/Erth      ##......     10%         2    ###....
c - Stone Arrow           Conj/Erth      #.....       24%         3    ###....

Your spell library contained the following spells:

 Spells                   Type           Power        Failure   Level  Hunger
 Petrify                  Tmut/Erth      ##......     54%         4    #####..
 Lee's Rapid Deconstruct  Erth           ###.......   63%         5    ######.


Dungeon Overview and Level Annotations

Branches:
Dungeon (2/15)

Altars:


Innate Abilities, Weirdness & Mutations

You are resistant to torment.
Your stone body is resilient. (AC +3)
You are immune to poison.
You resist negative energy. (rN+)
You are resistant to electric shocks. (rElec)
You can survive without breathing.
You are immune to petrification.
You are immune to rotting.


Message History

Aim: a gnoll, wielding a +0 flail (lightly wounded)
You miscast Sandblast.
You are very lightly contaminated with residual magic.
Nothing appears to happen.
The gnoll closely misses you.
Casting: Sandblast (safe; 3% risk of failure)
Confirm with . or Enter, or press ? or * to list all spells.
You don't have enough magic to cast that spell.
Unknown command.
You are near starving!
Your magical contamination has completely faded away.
Casting: Sandblast (safe; 3% risk of failure)
Confirm with . or Enter, or press ? or * to list all spells.
Aiming: Sandblast (safe; 3% risk of failure)
Press: ? - help, Shift-Dir - straight line, f/p - gnoll
Aim: a gnoll, wielding a +0 flail The blast of sand hits the gnoll.
The gnoll is moderately wounded.
b - 41 stones The gnoll hits you with a +0 flail!
You die...

.....#...##.#.#...............#
.................#............#
........#.#...................#
......###.#...................#
.....## #.....................#
#.##.#####....................#
..............................###
............######..............#
...........>...g@.........#.###.#
.....####.#########..........##.#
.....####.####...................
...........##.....#.#######..##.#
........#####.....#.............#
........+.........#.#######...#.#
........##.#...........####...#.#
...........#......####...........
##########.#......# #.####..)###


You could see a gnoll.

Vanquished Creatures
  A leopard gecko (D:1)
  A bat (D:1)
  3 giant cockroaches (D:1)
  5 hobgoblins (D:1)
  2 jackals (D:1)
  A ball python (D:1)
  3 frilled lizards (D:1)
  2 goblins (D:1)
  6 kobolds (D:1)
  4 rats (D:1)
28 creatures vanquished.

Notes
Turn   | Place    | Note
-------+----------+-------------------------------------------
     0 | D:1      | ohad the Gargoyle Earth Elementalist began the quest for
                  | the Orb.
     0 | D:1      | Reached XP level 1. HP: 10/10 MP: 3/3
   110 | D:1      | Reached skill level 4 in Earth Magic
   127 | D:1      | Reached XP level 2. HP: 15/16 MP: 3/5
   195 | D:1      | Reached skill level 1 in Fighting
   562 | D:1      | Reached XP level 3. HP: 20/20 MP: 4/6
   566 | D:1      | Learned a level 2 spell: Passwall
   570 | D:1      | Learned a level 3 spell: Stone Arrow
  1050 | D:2      | Noticed an ogre
  1399 | D:1      | Slain by a gnoll

Levels and vault maps discovered:
D:1:      lemuel_arrival_behind_the_door_large, layout_basic, dk_noncrumbling_3
D:2:      layout_rooms, makhleb_altar_promises_db

Skill      XL: |  1  2 |
---------------+-------+-----
Earth Magic    | 4 |  4.8
Fighting       | 1 |  1.4
Dodging        | |  1.5
Stealth        | |  2.1
Spellcasting   | |  2.0
Transmutations | |  0.7

Action                   || total
-------------------------++-------
Melee: Unarmed           ||    26
       Whip              ||     4
 Cast: Sandblast         ||    37
       Stone Arrow       ||     1
  Use: Scroll            ||     1
  Eat: Chunk             ||     1
Armor: Robe              ||    20
Dodge: Dodged            ||    55

Table legend:
 A = Non-vault XP
 B = Vault XP
 C = Vault XP percentage of total XP
 D = Non-vault monster count
 E = Vault monster count
 F = Vault count percentage of total count
                 A         B        C        D         E       F
            +---------+---------+-------+---------+---------+-------
      Total |      47 |       0 |   0.0 |      28 |       0 |   0.0
            +---------+---------+-------+---------+---------+-------
        D:1 |      47 |       0 |   0.0 |      28 |       0 |   0.0
            +---------+---------+-------+---------+---------+-------
